 Dungeon Crawl Stone Soup version 0.30-a0-1122-g620db56ad9 (webtiles) character file.

Game seed: 13704677578013702069

1502 CrazyBamboolord the Charlatan (level 8, -6/60 HPs)
             Began as a Demonspawn Artificer on Apr 22, 2023.
             Mangled by a yak (8 damage)
             ... on level 6 of the Dungeon.
             The game lasted 00:12:02 (5648 turns).

CrazyBamboolord the Charlatan (DsAr)                Turns: 5648, Time: 00:12:02

Health: -6/60      AC:  3    Str: 15    XL:     8   Next: 52%
Magic:  8/8        EV: 13    Int: 14    God:
Gold:   297        SH:  0    Dex: 15    Spells: 7/7 levels left

rFire   + . .        v - +2 dagger (vamp)
rCold   . . .        (no shield)
rNeg    + . .        b - +0 leather armour
rPois   +            (helmet restricted)
rElec   .            (cloak unavailable)
rCorr   .            (no gloves)
SInv    .            (no boots)
Will    .....        k - amulet of the acrobat
Stlth   ++           x - ring "Ehebeoc" {rPois rF+ Str+3}
HPRegen 0.30/turn    l - ring of positive energy
MPRegen 0.11/turn

%: acrobat
@: no status effects
A: claws 1, horns 1, weakness stinger 3
a: no special abilities


You were on level 6 of the Dungeon.
You visited 1 branch of the dungeon, and saw 6 of its levels.

You collected 297 gold pieces.

Inventory:

Hand Weapons
 v - a +2 vampiric dagger (weapon)
Armour
 b - a +0 leather armour (worn)
Jewellery
 k - an amulet of the acrobat (around neck)
 l - a ring of positive energy (right claw)
 x - the ring "Ehebeoc" (left claw) {rPois rF+ Str+3}
   (You found it on level 3 of the Dungeon)

   [ring of poison resistance]

   Str:       It affects your strength (+3).
   rF:        It protects you from fire.
   rPois:     It protects you from poison.
Wands
 d - a wand of charming (6)
 e - a wand of iceblast (4)
 f - a wand of roots (1) (quivered)
Scrolls
 g - a scroll of torment {unknown}
 h - a scroll of blinking {unknown}
 i - 3 scrolls of magic mapping
 j - a scroll of immolation {unknown}
 m - 3 scrolls of noise
 n - a scroll of vulnerability {unknown}
 o - a scroll of summoning {unknown}
 t - a scroll of enchant armour {unknown}
 w - 6 scrolls of teleportation
 y - a scroll of identify
Potions
 a - a potion of mutation
 c - 3 potions of curing
 p - a potion of brilliance {unknown}
 q - 2 potions of lignification
 r - 5 potions of heal wounds {unknown}
 s - a potion of resistance {unknown}
 u - 2 potions of attraction {unknown}
 z - 2 potions of cancellation {unknown}
 A - 2 potions of invisibility {unknown}


   Skills:
 * Level 3.9 Fighting
 * Level 4.4 Short Blades
 * Level 4.5 Armour
 * Level 4.2 Dodging
 * Level 3.4 Stealth
 * Level 4.9 Evocations


You had 7 spell levels left.
You didn't know any spells.
Your spell library contained the following spells:

 Spells                   Type           Power      Damage    Failure   Level
 Apportation              Tloc           0%         N/A       34%         1
 Necrotise                Necr           0%         1d4       34%         1
 Slow                     Hex            0%         N/A       34%         1
 Summon Small Mammal      Summ           0%         N/A       34%         1
 Confusing Touch          Hex            0%         N/A       71%         3
 Vampiric Draining        Necr           0%         2d6       71%         3
 Passage of Golubria      Tloc           0%         N/A       98%         4
 Fireball                 Conj/Fire      0%         3d3       100%        5
 Iskenderun's Battlesphe  Conj           0%         2d6       100%        5
 Silence                  Hex/Air        0%         N/A       100%        5
 Conjure Ball Lightning   Conj/Air       0%         3x3d6     100%        6
 Orb of Destruction       Conj           0%         9d5       100%        7
 Lehudib's Crystal Spear  Conj/Erth      0%         10d2      100%        8


Dungeon Overview and Level Annotations

Branches:
Dungeon (6/15)
 Temple: D:4-7

Altars:
Fedhas

Shops:
D:1 (

Annotations:
D:5 1 runed translucent door, Crazy Yiuf, Dowan, Duvessa


Innate Abilities, Weirdness & Mutations

You have sharp fingernails.
You have a pair of small horns on your head.
You have a sharp stinger which inflicts weakening toxins.


Message History

You closely miss the yak. The yak gores you!
You hit the yak but do no damage.
You tail-slap the yak, but do no damage.
You hit the yak.
You feel better.
You headbutt the yak.
The yak is lightly wounded.
The yak barely misses you.
You barely miss the yak. Your headbutt misses the yak.
The yak is lightly wounded.
The yak gores you!
You barely miss the yak. Your headbutt misses the yak.
The yak is lightly wounded.
The yak barely misses you.
You hit the yak.
You feel better.
You headbutt the yak.
The yak is moderately wounded.
You hit the yak but do no damage.
Your tail-slap misses the yak.
The yak is moderately wounded.
The yak gores you!
* * * LOW HITPOINT WARNING * * *
You hit the yak. You headbutt the yak, but do no damage. You tail-slap the yak.
The yak looks weaker.
The yak is moderately wounded.
The yak misses you.
You hit the yak. You headbutt the yak.
The yak is heavily wounded.
The yak misses you.
You closely miss the yak. Your headbutt misses the yak.
The yak is heavily wounded.
The yak gores you.
* * * LOW HITPOINT WARNING * * *
You hit the yak.
You feel better.
Your headbutt misses the yak.
The yak is severely wounded.
You completely miss the yak.
The yak is severely wounded.
The yak gores you!
* * * LOW HITPOINT WARNING * * *
You hit the yak.
You tail-slap the yak, but do no damage.
The yak is severely wounded.
The yak gores you!
You die...

### ## #.. . #.#.#
##.#.# #....#
#..### ♣♣♣♣♣♣ #..#
♣♣♣.J..♣♣♣
#..#♣♣♣♣♣..♣♣♣....
#@Y......♣♣♣ ♣♣♣♣.
###......♣♣
#...#♣♣♣♣♣ #.###
#Y# #.# #.# #.#
#.#


You could see a yak (weak).

Vanquished Creatures
  2 yaks (D:6)
  Menkaure (D:4)
  A water moccasin (D:6)
  2 phantoms
  A bullfrog (D:5)
  2 scorpions
  2 vampire bats (D:4)
  3 hounds
  3 orc priests
  A jelly (D:6)
  Jessica (D:3)
  An iguana (D:5)
  An orc wizard (D:5)
  4 gnolls
  6 adders
  A shadow imp (D:5)
  A white imp (D:5)
  2 ufetubi (D:4)
  2 worms
  2 dart slugs
  7 orcs
  15 bats
  3 endoplasms
  3 giant cockroaches
  7 goblins
  6 hobgoblins
  9 jackals
  2 quokkas
  7 ball pythons
  2 frilled lizards
  4 kobolds
  2 rats (D:3)
106 creatures vanquished.

Vanquished Creatures (others)
  2 yaks (D:6)
2 creatures vanquished.

Grand Total: 108 creatures vanquished

Notes
Turn   | Place    | Note
-------+----------+-------------------------------------------
     0 | D:1      | CrazyBamboolord the Demonspawn Artificer began the quest
                  | for the Orb.
     0 | D:1      | Reached XP level 1. HP: 15/15 MP: 1/1
   223 | D:1      | Found Ixzuxzi's Weapon Boutique.
   238 | D:1      | Reached skill level 1 in Stealth
   273 | D:1      | Reached skill level 1 in Dodging
   338 | D:1      | Discovered your monstrous ancestry.
   338 | D:1      | Gained mutation: You have a small tail. [demonic ancestry]
   338 | D:1      | Reached XP level 2. HP: 21/21 MP: 2/2
   856 | D:1      | Gained mutation: You have a pair of small horns on your
                  | head. [demonic ancestry]
   856 | D:1      | Reached XP level 3. HP: 22/26 MP: 3/3
  1277 | D:2      | Found a blossoming altar of Fedhas.
  1428 | D:2      | Found a faded altar of an unknown god.
  1942 | D:2      | Gained mutation: You have a tail ending in a sharp stinger.
                  | [demonic ancestry]
  1942 | D:2      | Reached XP level 4. HP: 32/32 MP: 4/4
  2130 | D:3      | Identified the ring "Ehebeoc" {rPois rF+ Str+3}
  2302 | D:3      | Noticed Jessica
  2305 | D:3      | Killed Jessica
  2367 | D:3      | Reached skill level 1 in Short Blades
  2367 | D:3      | Reached XP level 5. HP: 9/38 MP: 5/5
  3222 | D:4      | Gained mutation: You have a sharp stinger which inflicts
                  | weakening toxins. [demonic ancestry]
  3222 | D:4      | Reached XP level 6. HP: 42/44 MP: 6/6
  3341 | D:4      | Noticed Menkaure
  3369 | D:4      | Killed Menkaure
  4005 | D:4      | Gained mutation: You have sharp fingernails. [demonic
                  | ancestry]
  4005 | D:4      | Reached XP level 7. HP: 49/51 MP: 7/7
  4072 | D:5      | Entered Level 5 of the Dungeon
  4628 | D:5      | Identified the +6 arbalest "Emainor" {drain, Str+5 Dex+3}
  4944 | D:5      | Found a runed translucent door.
  4944 | D:5      | Noticed Duvessa
  4944 | D:5      | Noticed Dowan
  4945 | D:5      | Noticed Crazy Yiuf
  5119 | D:6      | Reached XP level 8. HP: 53/58 MP: 8/8
  5647 | D:6      | HP: 2/60 [yak (9)]
  5648 | D:6      | Mangled by a yak

Illustrated notes

Levels and vault maps discovered:
D:1:      dpeg_arrival_oval, layout_loops_ring, serial_shops, shop
D:2:      layout_loops_ring, hellmonk_ecumenical_altar_arch_garden, basic_altar
D:3:      layout_loops_cross, minivault_4, uniq_jessica
D:4:      layout_basic, minmay_misc_feat_nine_boxes, roderic_batcave,
          minmay_splitting_lines, uniq_menkaure
D:5:      minmay_skewed_foursquare, layout_rooms, uniq_crazy_yiuf_cottage,
          uniq_duvessa
D:6:      kb_forest_paths, layout_basic, minmay_temple_entry_hall,
          minmay_statues_item

Skill      XL: |  1  2  3  4  5  6  7  8 |
---------------+-------------------------+-----
Stealth        | 1 2 3 |  3.4
Dodging        | 1 2 3 4 |  4.2
Armour         | 2 3 4 |  4.5
Fighting       | 2 3 |  3.9
Short Blades   | 1 2 3 4 |  4.4
Evocations     | 4 |  4.9

Action                     |  1- 3 |  4- 6 |  7- 9 || total
---------------------------+-------+-------+-------++-------
  Melee: Club              |   112 |       |       ||   112
         Punch             |     1 |     4 |     4 ||     9
         Tailslap          |    15 |    15 |    24 ||    54
         Dagger            |    50 |   180 |   168 ||   398
         Headbutt          |    15 |    29 |    37 ||    81
  Evoke: Wand              |    12 |     5 |    13 ||    30
    Use: Scroll            |     2 |     1 |     3 ||     6
         Potion            |       |     4 |     3 ||     7
   Stab: Sleeping          |     3 |     2 |     3 ||     8
 Armour: Leather armour    |    85 |    42 |    28 ||   155
         Skin              |       |     9 |       ||     9
  Dodge: Dodged            |   147 |   157 |    79 ||   383

Table legend: (Time is in decaauts)
 A = Elapsed time spent in this place.
 B = Non-inter-level travel time spent in this place.
 C = Inter-level travel time spent in this place.
 D = Time resting spent in this place.
 E = Time spent auto-exploring this place.
 F = Levels seen in this place.
 G = Mean time per level.
                   A        B        C        D        E       F      G
               +--------+--------+--------+--------+--------+-----+--------+
         Total |   5604 |   5248 |    356 |   1021 |   3098 |   6 |  934.0 |
       Dungeon |   5604 |   5248 |    356 |   1021 |   3098 |   6 |  934.0 |
               +--------+--------+--------+--------+--------+-----+--------+

Top non-repeatable levels by time:
     D:1: 1267 daAuts
     D:4: 1246 daAuts
     D:3: 1105 daAuts
     D:5: 986 daAuts
     D:2: 757 daAuts
     D:6: 242 daAuts
